 Dungeon Crawl Stone Soup version 0.30-a0-1116-gebefce21f7 (webtiles) character file.

Game seed: 8930175441568313090

34 cforsyth the Charlatan (level 3, 0/28 HPs)
             Began as a Demigod Wanderer on Apr 21, 2023.
             Slain by an adder (3 damage)
             ... on level 2 of the Dungeon.
             The game lasted 00:02:50 (1999 turns).

cforsyth the Charlatan (Demigod Wanderer)           Turns: 1999, Time: 00:02:51

Health: 0/28       AC:  3    Str: 13    XL:     3   Next: 1%
Magic:  8/8        EV: 12    Int: 18    God:
Gold:   95         SH:  0    Dex: 13    Spells: 5/6 levels left

rFire   . . .      SeeInvis .    a - +0 club
rCold   . . .      Faith    .    (no shield)
rNeg    . . .      Spirit   .    d - +0 robe
rPois   .          Reflect  .    (no helmet)
rElec   .          Rampage  .    (no cloak)
rCorr   .                        (no gloves)
Will    .....                    b - +0 pair of boots
Stlth   +                        (no amulet)
HPRegen 0.24/turn                (no ring)
MPRegen 0.11/turn                (no ring)

@: lethally poisoned (0 -> -3)
A: high MP 1, forlorn, divine attributes
a: no special abilities


You were on level 2 of the Dungeon.
You visited 1 branch of the dungeon, and saw 2 of its levels.

You collected 95 gold pieces.

Inventory:

Hand Weapons
 a - a +0 club (weapon)
Armour
 b - a +0 pair of boots (worn)
 d - a +0 robe (worn)
Wands
 e - a wand of paralysis (7)
Scrolls
 c - a scroll of silence
 g - 2 scrolls of teleportation {unknown}
 h - 4 scrolls of enchant weapon {unknown}
 i - 2 scrolls of identify {unknown}
 j - a scroll of brand weapon {unknown}
 k - a scroll of amnesia {unknown}
Potions
 f - 2 potions of curing {unknown}
 l - a potion of flight {unknown}


   Skills:
 + Level 1.5 Fighting
 + Level 2.2 Dodging
 + Level 2.1 Spellcasting
 + Level 2.2 Fire Magic
 - Level 2.6 Evocations


You had 5 spell levels left.
You knew the following spells:

 Your Spells              Type           Power      Damage    Failure   Level
a - Foxfire               Conj/Fire      24%        2x1d5     11%         1

Your spell library contained the following spells:

 Spells                   Type           Power      Damage    Failure   Level
 Ignite Poison            Fire/Tmut/Pois 4%         N/A       36%         3


Dungeon Overview and Level Annotations

Branches:
Dungeon (2/15)


Innate Abilities, Weirdness & Mutations

You have an increased reservoir of magic. (+10% MP)
You shall have no god before yourself.
Your divine heritage dramatically boosts your attributes as you level up.


Message History

The adder is almost dead.
The adder barely misses you. The adder completely misses you.
You barely miss the adder. You punch the adder.
The adder is almost dead.
The adder bites you.
You are poisoned.
The adder poisons you!
You hit the adder but do no damage.
The adder is almost dead.
You feel sick. The adder closely misses you.
The adder bites you but does no damage.
You closely miss the adder.
The adder is almost dead.
You feel sick. The adder closely misses you. The adder barely misses you.
You closely miss the adder.
The adder is almost dead.
You feel sick. The adder closely misses you. The adder bites you.
You are more poisoned.
The adder poisons you!
You closely miss the adder.
The adder is almost dead.
You feel sick. The adder misses you.
You hit the adder but do no damage.
The adder is almost dead.
You feel sick. The adder bites you. x2
You are more poisoned.
The adder poisons you!
You completely miss the adder.
The adder is almost dead.
You feel sick. The adder closely misses you. The adder bites you.
* * * LOW HITPOINT WARNING * * *
You hit the adder but do no damage.
The adder is almost dead.
* * * LOW HITPOINT WARNING * * *
You feel sick. The adder closely misses you.
You barely miss the adder. Your punch misses the adder.
The adder is almost dead.
* * * LOW HITPOINT WARNING * * *
You feel sick. The adder bites you.
You die...

...#######
#...wS@.#
#######.#
##.##
##...##
#.###.#
#.# #.#
#.###.#
##...##
##.##


You could see an adder and a dart slug.

Vanquished Creatures
  2 dart slugs
  3 bats
  An endoplasm (D:2)
  2 giant cockroaches (D:1)
  3 goblins
  4 hobgoblins
  3 jackals (D:1)
  A kobold (D:1)
  A quokka (D:1)
  2 ball pythons
  A frilled lizard (D:2)
  4 rats
27 creatures vanquished.

Vanquished Creatures (others)
  A ghoul (D:1)
  A minotaur (D:1)
  A demonspawn (D:1)
  An octopode (D:1)
  An elf (D:1)
  A troll (D:1)
  A formicid (D:1)
  A spriggan (D:1)
  2 nagas (D:1)
  A dwarf (D:1)
  A gnoll (D:1)
  153 foxfires
  4 tentacles (D:1)
169 creatures vanquished.

Grand Total: 196 creatures vanquished

Notes
Turn   | Place    | Note
-------+----------+-------------------------------------------
     0 | D:1      | cforsyth the Demigod Wanderer began the quest for the Orb.
     0 | D:1      | cforsyth set off with the following items: a +0 club, a +0
                  | pair of boots, a scroll of silence, a +0 robe, a wand of
                  | paralysis (7); and the following spell memorised: Foxfire;
                  | and the following spells available to memorise: Ignite
                  | Poison.
     0 | D:1      | Reached XP level 1. HP: 16/16 MP: 5/5
     0 | D:1      | Noticed a dwarf
     0 | D:1      | Noticed an elf
     0 | D:1      | Noticed a demonspawn
     0 | D:1      | Noticed a troll
     0 | D:1      | Noticed a naga
     0 | D:1      | Noticed a ghoul
     0 | D:1      | Noticed a kraken
     0 | D:1      | Noticed a naga
     0 | D:1      | Noticed a spriggan
     0 | D:1      | Noticed an octopode
     0 | D:1      | Noticed a minotaur
     0 | D:1      | Noticed a formicid
     3 | D:1      | Killed a troll
     4 | D:1      | Killed a spriggan
     5 | D:1      | Killed a dwarf
     5 | D:1      | Killed an octopode
     5 | D:1      | Killed a ghoul
     6 | D:1      | Killed an elf
     7 | D:1      | Killed a formicid
     7 | D:1      | Killed a naga
     8 | D:1      | Killed a naga
    10 | D:1      | Killed a minotaur
    11 | D:1      | Killed a demonspawn
   475 | D:1      | Reached XP level 2. HP: 23/23 MP: 0/7
  1887 | D:2      | Reached XP level 3. HP: 28/28 MP: 0/8
  1999 | D:2      | Slain by an adder

Illustrated notes

Levels and vault maps discovered:
D:1:      nicolae_arrival_kraken_aquarium_a, layout_basic
D:2:      minmay_alternating_diamond, layout_loops_ring, basic_altar

Skill      XL: |  1  2 |
---------------+-------+-----
Dodging        | 2 |  2.2
Fire Magic     | 2 |  2.2
Spellcasting   | 2 |  2.1
Fighting       | |  1.5
Evocations     | |  2.6

Action                     || total
---------------------------++-------
  Melee: Club              ||    48
         Punch             ||     2
   Cast: Foxfire           ||    93
 Armour: Robe              ||    33
  Dodge: Dodged            ||    66

Table legend: (Time is in decaauts)
 A = Elapsed time spent in this place.
 B = Non-inter-level travel time spent in this place.
 C = Inter-level travel time spent in this place.
 D = Time resting spent in this place.
 E = Time spent auto-exploring this place.
 F = Levels seen in this place.
 G = Mean time per level.
                   A        B        C        D        E       F      G
               +--------+--------+--------+--------+--------+-----+--------+
         Total |   2012 |   1988 |     24 |      0 |   1601 |   2 | 1006.0 |
       Dungeon |   2012 |   1988 |     24 |      0 |   1601 |   2 | 1006.0 |
               +--------+--------+--------+--------+--------+-----+--------+

Top non-repeatable levels by time:
     D:1: 1312 daAuts
     D:2: 700 daAuts
